 Dungeon Crawl Stone Soup version 0.23-a0-449-g8e4cbf7 (webtiles) character file.

147 Amnesiac the Digger (level 5, 17/35 HPs)
             Began as a Demonspawn Earth Elementalist on Nov 22, 2018.
             Quit the game on level 4 of the Dungeon.
             The game lasted 00:02:23 (643 turns).

Amnesiac the Digger (Demonspawn Earth Elementalist)  Turns: 643, Time: 00:02:24

Health: 17/35      AC:  4    Str:  8    XL:     5   Next: 7%
Magic:  2/9        EV: 12    Int: 17    God:
Gold:   36         SH:  0    Dex: 14    Spells: 7/10 levels left

rFire    . . .     SeeInvis .   a - +2 dagger (flame)
rCold    . . .     Gourm    .   (no shield)
rNeg     . . .     Faith    .   c - +0 robe
rPois    .         Spirit   .   (no helmet)
rElec    .         Reflect  .   i - +1 cloak
rCorr    .         Harm     .   (no gloves)
MR       .....                  (no boots)
Stlth    ++........             (no amulet)
HPRegen  0.11/turn              (no ring)
MPRegen  0.11/turn              (no ring)

@: no status effects
A: claws 1, powered by pain 1, spiny 1
a: no special abilities


You were on level 4 of the Dungeon.
You were not hungry.

You visited 1 branch of the dungeon, and saw 4 of its levels.

You collected 36 gold pieces.

Inventory:

Hand Weapons
 a - a +2 dagger of flaming (weapon)
Missiles
 b - a stone (quivered)
Armour
 c - a +0 robe (worn)
 i - a +1 cloak (worn)
Scrolls
 h - a scroll of identify {!r, unknown}
Potions
 e - a potion of curing {!q}
 g - a potion of heal wounds {!q, unknown}
Comestibles
 d - a ration
 f - 7 chunks of flesh


   Skills:
 + Level 0.6 Short Blades
 - Level 1.7 Dodging
 - Level 2.0 Stealth
 + Level 3.1 Spellcasting
 - Level 0.8 Transmutations
 * Level 4.4 Earth Magic


You had 7 spell levels left.
You knew the following spells:

 Your Spells              Type           Power        Failure   Level  Hunger
a - Sandblast             Erth           ###...       2%          1    None
b - Passwall              Tmut/Erth      ##......     9%          2    ##.....

Your spell library contained the following spells:

 Spells                   Type           Power        Failure   Level  Hunger
 Stone Arrow              Conj/Erth      ##....       21%         3    ###....
 Petrify                  Tmut/Erth      ##......     50%         4    ####...
 Lee's Rapid Deconstruct  Erth           ###.......   58%         5    ######.


Dungeon Overview and Level Annotations

Branches:
Dungeon (4/15)
 Temple: D:4-7

Altars:
Okawaru


Innate Abilities, Weirdness & Mutations

You have sharp fingernails.
You sometimes gain a little power by taking damage.
You are partially covered in sharp spines.


Message History

b - 6 stones The hound stops to sniff the ground.
Unknown command.
Casting: Sandblast (safe; 3% risk of failure)
Confirm with . or Enter, or press ? or * to list all spells.
Aiming: Sandblast (safe; 3% risk of failure)
Press: ? - help, Shift-Dir - straight line, f - hound
Aim: a hound The blast of sand hits the hound.
The hound is moderately wounded.
b - 5 stones You feel sick.
Unknown command.
Casting: Sandblast (safe; 3% risk of failure)
Confirm with . or Enter, or press ? or * to list all spells.
Aiming: Sandblast (safe; 3% risk of failure)
Press: ? - help, Shift-Dir - straight line, f/p - hound
Aim: a hound (moderately wounded)
The blast of sand misses the hound.
b - 4 stones You feel sick.
You hear a bark!
The hound is struck by your spines. The hound bites you.
* * * LOW HITPOINT WARNING * * *
Unknown command.
Casting: Sandblast (safe; 3% risk of failure)
Confirm with . or Enter, or press ? or * to list all spells.
Aiming: Sandblast (safe; 3% risk of failure)
Press: ? - help, Shift-Dir - straight line, f - hound, p - hound
Aim: a hound The blast of sand misses the hound.
The blast of sand hits the hound.
b - 3 stones The hound is struck by your spines.
The hound bites you.
* * * LOW HITPOINT WARNING * * *
Unknown command.
Really quaff
e - 2 yellow potions {!q}?
It was a potion of curing {!q}.
You feel better. The hound misses you. The hound bites you.
* * * LOW HITPOINT WARNING * * *
Casting: Sandblast (safe; 3% risk of failure)
Confirm with . or Enter, or press ? or * to list all spells.
Aiming: Sandblast (safe; 3% risk of failure)
Press: ? - help, Shift-Dir - straight line, f/p - hound
Aim: a hound The blast of sand misses the hound.
The blast of sand hits the hound.
The hound is moderately wounded.
b - 2 stones The hound is struck by your spines.
The hound closely misses you.
Unknown command.
Casting: Sandblast (safe; 3% risk of failure)
Confirm with . or Enter, or press ? or * to list all spells.
Aiming: Sandblast (safe; 3% risk of failure)
Press: ? - help, Shift-Dir - straight line, f/p - hound
Aim: a hound (moderately wounded)
The blast of sand hits the hound.
You kill the hound!
Training target 2.0 for Stealth reached!
Your Stealth skill increases to level 2!
You have reached level 5!
Your demonic ancestry asserts itself...
Your fingernails lengthen.
b - a stone The hound pauses to sniff the ground.
Are you sure you want to abandon this character and quit the game? (Confirm

#.. #.. #.< #..
######.. .........
.......#. #+# ####.#.#.
#@# #..#.#. # #h#
#.##.#. ####.#.##
#.###.##.#. #.......##
#........#.
#........########.####.
.........#.........# #.
.[..........##.##### #.
............##.# #.
##....#.....##.#


You could see a hound.

Vanquished Creatures
  A hound (D:4)
  An orc priest (D:4)
  An orc wizard (D:4)
  A worker ant (D:4)
  2 adders
  A worm (D:3)
  2 orcs (D:4)
  A hobgoblin (D:1)
  3 jackals (D:4)
  A bat (D:1)
  4 goblins
  A rat (D:1)
19 creatures vanquished.

Notes
Turn   | Place    | Note
-------+----------+-------------------------------------------
     0 | D:1      | Amnesiac the Demonspawn Earth Elementalist began the quest
                  | for the Orb.
     0 | D:1      | Reached XP level 1. HP: 13/13 MP: 3/3
   108 | D:1      | Reached skill level 3 in Earth Magic
   127 | D:2      | Gained mutation: You are partially covered in sharp spines.
                  | [demonic ancestry]
   127 | D:2      | Reached XP level 2. HP: 19/19 MP: 1/5
   444 | D:4      | Gained mutation: You sometimes gain a little power by
                  | taking damage. [demonic ancestry]
   444 | D:4      | Reached XP level 3. HP: 24/24 MP: 1/6
   534 | D:4      | Reached skill level 4 in Earth Magic
   534 | D:4      | Reached XP level 4. HP: 30/30 MP: 4/8
   541 | D:4      | Learned a level 2 spell: Passwall
   627 | D:4      | Found an iron altar of Okawaru.
   642 | D:4      | Gained mutation: You have sharp fingernails. [demonic
                  | ancestry]
   642 | D:4      | Reached XP level 5. HP: 17/35 MP: 2/9
   643 | D:4      | Quit the game

Vault maps used:
D:1:      dpeg_arrival_stonehenge_12_columns
D:2:      chequers_ecumenical_altar_lobes, tgw_trog
D:3:      first_ration, uniq_jessica
D:4:      grunt_temple_overflow_magic_moments, okawaru_metal_pillars_1_2,
          gammafunk_temple_overflow_wave, minmay_door_square

Skill      XL: |  1  2  3  4 |
---------------+-------------+-----
Earth Magic    | 3 4 |  4.4
Spellcasting   | 3 |  3.1
Stealth        | 2 |  2.0
Short Blades   | |  0.6
Dodging        | |  1.7
Transmutations | |  0.8

Action                   |  1- 3 |  4- 6 || total
-------------------------+-------+-------++-------
Melee: Unarmed           |    30 |       ||    30
       Dagger            |       |     1 ||     1
 Cast: Sandblast         |    20 |     9 ||    29
       Passwall          |       |     1 ||     1
  Use: Potion            |       |     1 ||     1
 Stab: Sleeping          |       |     1 ||     1
Armor: Robe              |     7 |       ||     7
Dodge: Dodged            |    23 |     3 ||    26

Table legend:
 A = Non-vault XP
 B = Vault XP
 C = Vault XP percentage of total XP
 D = Non-vault monster count
 E = Vault monster count
 F = Vault count percentage of total count
                 A         B        C        D         E       F
            +---------+---------+-------+---------+---------+-------
      Total |     210 |       0 |   0.0 |      19 |       0 |   0.0
            +---------+---------+-------+---------+---------+-------
        D:1 |       8 |       0 |   0.0 |       6 |       0 |   0.0
        D:2 |      15 |       0 |   0.0 |       2 |       0 |   0.0
        D:3 |       5 |       0 |   0.0 |       1 |       0 |   0.0
        D:4 |     182 |       0 |   0.0 |      10 |       0 |   0.0
            +---------+---------+-------+---------+---------+-------
